[Event "*** Titled Tuesday Blitz"]
[Site "Chess.com"]
[Date "2021.04.27"]
[Round "1"]
[White "Buffy7"]
[Black "I_am_a_Miracle"]
[Result "1-0"]
[WhiteElo "2712"]
[BlackElo "2378"]
[TimeControl "180+1"]
[EndTime "10:07:58 PDT"]
[Termination "Buffy7 won on time"]

1. d4 Nf6 2. c4 g6 3. Nc3 d5 4.
Nf3 Bg7 5. cxd5 Nxd5 6. Na4 Nf6 7. g3 O-O 8. Bg2 Nc6 9. O-O Bg4 10. Nc5 b6 11. Nb3 Rc8 12. h3 Bxf3 13. Bxf3 Qd7 14. e3 Rfd8 15. Qc2 Nb4 16. Qc4 c5 17. dxc5 Nc6 18.
Bg2 bxc5 19. Qxc5 Qe6 20. Qb5 Ne5 21. Nd4 Qd6 22. b3 a6 23. Qe2 Ned7 24. Rd1 Qb6 25. Ba3 e5 26. Nf3 e4 27. Nd4 Ne5 28. Rac1 Nd3 29.
Rxc8 Rxc8 30. Bxe4 Nxf2 31. Qxf2 Nxe4 32. Qf3 Nc3 33.
Rf1 f5 34. Bb2 Nxa2 35. g4 Rf8 36. gxf5 Nb4 37. Kh1 Nd3 38. Ba3 Ne5 39. Qd5+ Kh8 40. Ne6 Qxe3 41. Qg2 Qh6 42. Nxg7 Kxg7 43. Bb2 Re8 44.
Re1 Qf4 45. Qb7+ Kh6 46. Qg2 Nf3 47. Rf1 1-0

[Event "*** Titled Tuesday Blitz"]
[Site "Chess.com"]
[Date "2021.04.27"]
[Round "1"]
[White "mary-sanna"]
[Black "Das_Virus_2020"]
[Result "0-1"]
[WhiteElo "2132"]
[BlackElo "2510"]
[TimeControl "180+1"]
[EndTime "10:07:58 PDT"]
[Termination "Das_Virus_2020 won by checkmate"]

1. d4 Nf6 2. Bf4 c5 3. e3 Qb6 4. Nc3 d6 5. Bb5+ Bd7 6. a4 a6 7. Bxd7+ Nbxd7 8. Rb1 g6 9. Nf3 Bg7 10. O-O O-O 11. h3 Rfe8 12. d5 Qb4 13. Re1 Ne4 14.
Nxe4 Qxe4 15. Ng5 Qxa4 16. e4 Rf8 17. b3 Qd4 18. Qg4 Nf6 19. Qh4 h5 20. Nf3 Qc3 21. Rbc1 b5 22. Bd2 Qb2 23. Qg3 Nd7 24. Ng5 a5 25. f4 a4 26. e5 dxe5 27. fxe5 Bxe5 28.
Rxe5 Qxe5 29. Qf2 Nf6 30. bxa4 bxa4 31. c4 a3 32. Qxc5 a2 33. Bc3 Qxc3 34. Rxc3 a1=Q+ 35. Kh2 Qxc3 36. d6 exd6 37. Qxd6 Rad8 38. Qf4 Qd4 39. Qf3 Qe5+ 40. Kg1 Qxg5 41. Kf2 Rd2+ 42. Kg1 Rxg2+ 43. Qxg2 Qxg2+ 44. Kxg2 Rc8 45. Kf3 Rxc4 46. Ke3 Rh4 47. Kd3 Rxh3+ 48. Kd4 Kg7 49. Kc5 Rh4 50. Kd6 Rg4 51. Ke5 h4 52. Kd6 h3 53. Ke5 h2 54.
Kd6 h1=Q 55. Ke5 Qf1 56. Kd6 Rg2 57. Kc5 Re2 58. Kd4 Qd1+ 59. Kc3 Rc2+ 60. Kb3 Qb1+ 61. Ka3 Ra2# 0-1

[Event "*** Titled Tuesday Blitz"]
[Site "Chess.com"]
[Date "2021.04.27"]
[Round "1"]
[White "aa175"]
[Black "Grandelicious"]
[Result "0-1"]
[WhiteElo "2435"]
[BlackElo "2837"]
[TimeControl "180+1"]
[EndTime "10:07:59 PDT"]
[Termination "Grandelicious won by resignation"]

1. d4 d5 2. Bf4 e6 3. e3 Bd6 4.
Qg4 g6 5. Bxd6 Qxd6 6. Nc3 a6 7. Nf3 Nd7 8. Qg3 Ngf6 9. Bd3 b5 10. a3 Bb7 11. b4 Ne4 12. Bxe4 dxe4 13. Ne5 Nxe5 14.
Qxe5 Qxe5 15. dxe5 c5 16. Ne2 Rc8 17. c3 Ke7 18.
O-O Rhd8 19. Rfd1 Rd3 20. Rac1 Rcd8 21. Re1 g5 22. bxc5 Rc8 23. c4 bxc4 24. Rxc4 Rxa3 25. Nd4 Bd5 26. Rc2 f6 27. exf6+ Kxf6 28. Rec1 a5 29. c6 e5 30. Nb5 Rb3 31. Nd6 Rxc6 32. Nxe4+ Bxe4 33. Rxc6+ Bxc6 34. Rxc6+ Kg7 35. h3 a4 36. Ra6 a3 37. Kh2 h5 38. Kg3 Rc3 39. h4 g4 40. Ra7+ Kf6 41. Ra6+ Kf5 42. Kh2 Ke4 43.
Kg3 Kd3 44. f3 Kxe3 45. fxg4 Ke4+ 46. Kf2 hxg4 47. h5 Rc2+ 48. Kg3 Kf5 49. h6 Rc3+ 50. Kh4 Rc1 51. Rxa3 Rh1+ 52. Rh3 gxh3 53. g4+ Kg6 54. g5 h2 55. h7 Kxh7 56. Kg4 Kg6 57. Kh3 0-1

[Event "*** Titled Tuesday Blitz"]
[Site "Chess.com"]
[Date "2021.04.27"]
[Round "1"]
[White "kakarot_001"]
[Black "lamomiablanca"]
[Result "1-0"]
[WhiteElo "2731"]
[BlackElo "2393"]
[TimeControl "180+1"]
[EndTime "10:08:00 PDT"]
[Termination "kakarot_001 won on time"]

1. e4 c5 2. Nf3 Nc6 3. Bb5 g6 4.
Bxc6 dxc6 5. d3 Bg7 6. h3 Nf6 7. O-O O-O 8. Nbd2 Nd7 9. a4 a5 10. Nc4 Qc7 11. Qe1 e5 12. b3 Re8 13. Bb2 b6 14. Nh2 Nf8 15. f4 exf4 16. Bxg7 Kxg7 17. Qc3+ f6 18. e5 fxe5 19. Rae1 Bf5 20. Nxe5 Ne6 21. Nxc6+ Kg8 22. Ne5 Nd4 23. Nhf3 Rad8 24. Nxd4 Rxd4 25.
Nf3 Rdd8 26. Qc4+ Kg7 27. Qb5 Bd7 28. Qc4 Bf5 29. Ng5 Rxe1 30. Rxe1 Rd4 31. Qc3 Kh6 32. Nf3 Rd7 33. Qf6 Qd8 34. Qe5 Rc7 35. Qxf4+ Kg7 36.
Ng5 Re7 37. Rf1 h6 38. Nf3 Re2 39. g4 Be6 40. g5 hxg5 41. Nxg5 Qd4+ 42. Qxd4+ cxd4 43.
Rf2 Re1+ 44. Kh2 Bd5 45. Kg3 Rg1+ 46. Kf4 Rc1 47. Ke5 Bb7 48. Rf7+ Kh6 49. Ne6 Bg2 50. Nf4 Rg1 51. Kxd4 Rf1 52. Ke5 g5 53. Rf6+ Kg7 54. Nh5+ 1-0

[Event "*** Titled Tuesday Blitz"]
[Site "Chess.com"]
[Date "2021.04.27"]
[Round "1"]
[White "DeTimmerman"]
[Black "erdni1993"]
[Result "1-0"]
[WhiteElo "2786"]
[BlackElo "2417"]
[TimeControl "180+1"]
[EndTime "10:08:01 PDT"]
[Termination "DeTimmerman won by resignation"]

1. b4 Nf6 2. Bb2 e6 3. b5 a6 4. a4 axb5 5. axb5 Rxa1 6. Bxa1 Be7 7. c4 O-O 8. e3 d5 9. Nf3 Nbd7 10. Be2 dxc4 11.
Bxc4 Nb6 12. Be2 Bd7 13. O-O Qa8 14. Nc3 Qa5 15. Bb2 Qb4 16. Qc2 Nbd5 17. Rb1 Nxc3 18. Bxc3 Qc5 19. Bd3 h6 20. Qb2 Ra8 21. h3 Qa3 22. Qc2 Qc5 23. Be5 Qxc2 24. Bxc2 c6 25. bxc6 Bxc6 26. Nd4 Nd5 27. Nxc6 bxc6 28. Rc1 c5 29. Bb3 f6 30. Bg3 Kf7 31. Kf1 Ra3 32. Bc4 Nb6 33. Be2 Ra2 34. Ke1 Nd5 35. Bc4 Rb2 36. Kd1 Nb4 37. Bc7 Nc6 38. f4 g6 39.
Ra1 Rb4 40. Be2 Bd8 41. Bxd8 Nxd8 42. Ra7+ Rb7 43. Ra5 Rc7 44. Bc4 Ke7 45. Ra6 Rd7 46. Ke2 Rd6 47. Ra7+ Rd7 48. Ra6 Rd6 49. Ra5 Rc6 50.
Ra7+ Kd6 51. Rh7 h5 52. Rh6 g5 53. Rxf6 gxf4 54. exf4 Ke7 55. Rh6 Rb6 56. Rxh5 Rb4 57.
Kd3 Nb7 58. g4 Nd6 59. Rxc5 Rb2 60.
h4 Nf7 61. Rc7+ Kf8 62. Bxe6 Nd8 63. Bd5 Rb5 64. Ke4 Ke8 65. h5 Rb4+ 66. d4 Rb1 67. h6 Re1+ 68. Kf5 1-0

[Event "*** Titled Tuesday Blitz"]
[Site "Chess.com"]
[Date "2021.04.27"]
[Round "1"]
[White "Margency"]
[Black "monalize"]
[Result "0-1"]
[WhiteElo "2662"]
[BlackElo "2369"]
[TimeControl "180+1"]
[EndTime "10:08:01 PDT"]
[Termination "monalize won on time"]

1. e4 e5 2. Nf3 Nc6 3. Bc4 Nf6 4. d3 Be7 5. O-O O-O 6. Re1 d6 7. a4 Be6 8. Nc3 a6 9. a5 Qd7 10. h3 h6 11. Bd2 Rad8 12. b3 Kh8 13. Qb1 Nh7 14.
b4 f5 15. Bxe6 Qxe6 16. Nd5 fxe4 17. dxe4 Rxf3 18. gxf3 Nd4 19. Ra3 Bg5 20. f4 exf4 21. Nxf4 Qf7 22. Qd1 Rf8 23. Rg3 Bxf4 24. Bxf4 Qxf4 25.
Qxd4 Ng5 26. Ree3 Qxf2+ 27. Kh1 Qf1+ 28. Rg1 Qf2 29. Rd3 Qh4 30. e5 Rf4 31. Qe3 dxe5 32. Qxe5 Qf2 33. Rd8+ Kh7 34. Rd3 Rf5 35. Qxc7 Ne6 36.
Qg3 Qxg3 37. Rdxg3 g5 38. Re3 Nf4 39. Rd1 Rb5 40. c3 Kg6 41. Rd6+ Kh5 42. Kh2 Rf5 43. Rf3 Re5 44. Rb6 Re2+ 45. Kg1 Rc2 46. Rxb7 Kh4 47.
Rb6 Nxh3+ 48. Kf1 h5 49. Rxa6 g4 50. Rd3 Nf4 51. Re3 g3 52. Rf6 Kg4 53. Kg1 Rc1+ 0-1

[Event "*** Titled Tuesday Blitz"]
[Site "Chess.com"]
[Date "2021.04.27"]
[Round "1"]
[White "RamyresCoelho"]
[Black "zmeeed67"]
[Result "0-1"]
[WhiteElo "2201"]
[BlackElo "2543"]
[TimeControl "180+1"]
[EndTime "10:08:01 PDT"]
[Termination "zmeeed67 won by resignation"]

1. e4 c5 2. Nf3 e6 3. d4 cxd4 4. Nxd4 Nf6 5. Nc3 Bb4 6. e5 Nd5 7. Bd2 Bxc3 8. bxc3 O-O 9. Bd3 d6 10. exd6 Qxd6 11. O-O Nc6 12. Qh5 g6 13. Qh6 e5 14. Nf5 Bxf5 15. Bxf5 Rad8 16. Bd3 Nf4 17. Bxf4 exf4 18. Rad1 Qf6 19. c4 b6 20. Rfe1 Nd4 21.
Re4 Ne6 22. h4 Rd6 23. h5 Qg7 24. Qxg7+ Kxg7 25. hxg6 hxg6 26. Be2 Rxd1+ 27. Bxd1 Rd8 28. Bg4 Rd4 29. Rxd4 Nxd4 30. Bd1 Kf6 31. Kf1 Ke5 32. c3 Nc6 33. Ke2 g5 34. Bc2 f5 35. Kd3 Na5 36. Ba4 Nb7 37. Bc6 Nc5+ 38. Kd2 g4 39. a3 Ne4+ 40. Bxe4 fxe4 41. g3 e3+ 42. Ke2 exf2 43.
Kxf2 f3 44. Ke3 Kd6 45. a4 Kc5 46. Kf4 f2 47. Kxg4 f1=Q 48. Kh4 Kxc4 49. g4 Kxc3 50.
g5 Kd4 51. g6 Ke5 52. g7 Qg2 53. a5 Qxg7 54. axb6 axb6 55. Kh5 Kf4 0-1

[Event "*** Titled Tuesday Blitz"]
[Site "Chess.com"]
[Date "2021.04.27"]
[Round "1"]
[White "frederiksvane"]
[Black "Novoselski"]
[Result "1-0"]
[WhiteElo "2733"]
[BlackElo "2399"]
[TimeControl "180+1"]
[EndTime "10:08:05 PDT"]
[Termination "frederiksvane won by resignation"]

1. e4 d6 2. d4 c6 3. Nf3 Nd7 4. Bd3 e5 5. c3 Ngf6 6. O-O Be7 7. Nbd2 O-O 8. Re1 Re8 9. Nf1 Bf8 10. Ng3 g6 11. a4 a5 12. Qb3 Bg7 13. Be3 Qe7 14.
h3 Nf8 15. Bc4 Be6 16. dxe5 Bxc4 17. Qxc4 dxe5 18. Red1 Qc7 19. Qb3 N6d7 20. Rd2 Ne6 21. Rad1 Ndc5 22. Qc4 Bf8 23. h4 Rab8 24. Qa2 b5 25.
axb5 cxb5 26. Rd5 Nf4 27. Bxf4 exf4 28. Nf1 Rxe4 29. Ng5 Ra4 30. Qb1 h6 31. Nf3 Re8 32.
N1h2 Rae4 33. Ng4 Bg7 34. h5 g5 35. Nxg5 hxg5 36. Rxg5 Kh8 37. h6 Bf8 38. Nf6 Bxh6 39. Rh5 Kg7 40. Nxe8+ Rxe8 41. Qf5 Ne6 42. Qg4+ Kh7 43.
Qh4 Kg7 44. Rxh6 Rg8 45. Qf6+ Kf8 46. Rh8 Qc8 47. Rxg8+ Kxg8 48. Qe5 Qa8 49. Rd5 f3 50.
Rxb5 fxg2 51. Rb8+ Qxb8 52. Qxb8+ Kg7 53. Qe5+ Kg6 54.
Qxa5 1-0

[Event "*** Titled Tuesday Blitz"]
[Site "Chess.com"]
[Date "2021.04.27"]
[Round "1"]
[White "Loy_Konstantin"]
[Black "moro182"]
[Result "1/2-1/2"]
[WhiteElo "2392"]
[BlackElo "2711"]
[TimeControl "180+1"]
[EndTime "10:08:05 PDT"]
[Termination "Game drawn by repetition"]

1. e4 e5 2. Nf3 Nc6 3. d4 exd4 4. Nxd4 Bc5 5. Be3 Qf6 6. Nb5 Bxe3 7. fxe3 Kd8 8. N1c3 Nge7 9. Qf3 Qxf3 10. gxf3 d6 11. Rg1 g6 12. O-O-O Bd7 13. f4 a6 14. Nd4 Nxd4 15.
exd4 Re8 16. Bc4 c6 17. Bxf7 Rf8 18. Bb3 Rxf4 19. Rdf1 Rxf1+ 20. Rxf1 Be8 21. Rf8 Kd7 22. Rh8 h5 23. Kd2 Rd8 24. Ke3 g5 25. Ne2 b5 26. c3 h4 27. Bc2 Bg6 28. Rxd8+ Kxd8 29. Bd3 Kd7 30. b4 Ke6 31. Ng1 g4 32. Kf4 d5 33.
Kxg4 dxe4 34. Bc2 Nd5 35. Ne2 Ne3+ 36. Kg5 Nxc2 37. Kxg6 Kd5 38. Kg5 h3 39. Kg4 Kc4 40. Kxh3 Kd3 41. Nf4+ Kxc3 42. Kg4 Nxd4 43. h4 e3 44. h5 Ne6 45. Ng2 e2 46. h6 Nf8 47.
Kf5 Kxb4 48. Kf6 c5 49. Kf7 Nh7 50. Kg7 Ng5 51. Kf6 Nh7+ 52. Kg7 Ng5 53. Kf6 Nh7+ 54. Kg7 1/2-1/2

[Event "*** Titled Tuesday Blitz"]
[Site "Chess.com"]
[Date "2021.04.27"]
[Round "1"]
[White "nikitakhoroshev"]
[Black "NovikovaGalina"]
[Result "0-1"]
[WhiteElo "2600"]
[BlackElo "2307"]
[TimeControl "180+1"]
[EndTime "10:08:06 PDT"]
[Termination "NovikovaGalina won by resignation"]

1. d4 Nf6 2. Nf3 g6 3. Bg5 Bg7 4. Nbd2 d6 5. e3 Bf5 6. c3 Nbd7 7. Bc4 O-O 8. h3 Nb6 9. Bb3 Re8 10. a4 e5 11. O-O h6 12. Bh4 g5 13. Bg3 e4 14.
Nh2 Bg6 15. f4 gxf4 16. Bxf4 Nh5 17. Qg4 Nxf4 18. Rxf4 Qg5 19. Raf1 Re7 20. a5 Nd7 21. Rxf7 Bxf7 22. Rxf7 Rxf7 23. Qxd7 Qxe3+ 24. Kh1 Qxd2 25. Bxf7+ Kh8 26. Ng4 Qc1+ 27. Kh2 Qf4+ 28. Kg1 Rf8 29. Bg6 e3 30. Bd3 h5 31. Qe6 hxg4 32. Qg6 Qf2+ 33. Kh1 Qe1+ 34. Kh2 g3+ 35. Qxg3 Qxg3+ 36. Kxg3 Rf2 37.
b4 Rb2 38. Kf3 Rb3 39. Kxe3 Rxc3 40. Ke4 Rb3 41. b5 Rb4 42. Ke3 Rxd4 43. g4 Ra4 44. a6 bxa6 45. bxa6 Ra3 46. Ke4 Ra1 47. Bb5 Re1+ 48.
Kf4 c5 49. g5 c4 50. Bxc4 Ra1 51. Ke4 Ra4 52. Kd5 Be5 53. h4 Ra5+ 54. Ke6 Rc5 55. Bd5 Kg7 56. h5 Bf4 57. h6+ Kh8 58. g6 Bxh6 59.
Kxd6 Ra5 60. Bb7 Bg7 61. Ke6 Bd4 62. Kf7 Bc3 63. Kf8 Bg7+ 64. Kf7 Ra1 65. Ke8 Re1+ 66. Kf7 Bd4 67. Kf8 Rf1+ 68. Ke7 Kg7 69. Kd7 Bb6 70.
Kd6 Rd1+ 71. Kc6 Kxg6 72. Bc8 Kf6 73. Kb7 Rc1 74. Ka8 Rxc8+ 75. Kb7 Rc1 76. Ka8 Ke5 77.
Kb7 Kd4 78. Ka8 Kc4 79. Kb7 Kb4 80. Ka8 Ka5 81. Kb7 Rc2 82. Ka8 Kxa6 0-1

[Event "*** Titled Tuesday Blitz"]
[Site "Chess.com"]
[Date "2021.04.27"]
[Round "1"]
[White "LordIron"]
[Black "PotapovaM"]
[Result "1-0"]
[WhiteElo "2281"]
[BlackElo "2563"]
[TimeControl "180+1"]
[EndTime "10:08:06 PDT"]
[Termination "LordIron won by checkmate"]

1. d4 Nf6 2. Nf3 e6 3. g3 b6 4. Bg2 Bb7 5. O-O Be7 6. c4 O-O 7. Nc3 Ne4 8. Qc2 Nxc3 9. Qxc3 c5 10. dxc5 bxc5 11. Rd1 Nc6 12. Ne5 Nd4 13. Bxb7 Nxe2+ 14. Kf1 Nxc3 15. Rxd7 Qb8 16. Nc6 Qe8 17. Rxe7 Na4 18.
Rxe8 Raxe8 19. b3 Nb6 20. Be3 f6 21. Bxc5 Rf7 22. Ba6 Nd7 23. Be3 g5 24. c5 f5 25.
f4 gxf4 26. gxf4 Nf6 27. Ne5 Rc7 28. Bc4 Ne4 29. c6 Kf8 30. Rd1 a5 31. Bb6 Rcc8 32. Bxa5 h5 33. Rd7 h4 34. Bb6 Kg8 35. Bd4 Nf6 36.
Ng6 Nxd7 37. cxd7 Red8 38. Ne7+ Kf7 39. dxc8=Q Rxc8 40. Nxc8 Ke8 41. Be5 h3 42. Nd6+ Kd7 43. Kf2 Kc6 44. Bd4 Kxd6 45. Kg3 Kd7 46. Kxh3 Ke7 47.
Kg3 e5 48. Bxe5 Kd7 49. h4 Kc6 50. Bd4 Kd6 51. h5 Kc6 52. h6 Kd6 53. h7 Kc6 54. h8=Q Kd6 55. Qf6+ Kd7 56. Bb5+ Kc7 57. Qc6+ Kd8 58.
Qd7# 1-0

[Event "*** Titled Tuesday Blitz"]
[Site "Chess.com"]
[Date "2021.04.27"]
[Round "1"]
[White "DanielTitichoca"]
[Black "starworld123"]
[Result "0-1"]
[WhiteElo "2408"]
[BlackElo "2757"]
[TimeControl "180+1"]
[EndTime "10:08:09 PDT"]
[Termination "starworld123 won by resignation"]

1. e4 e5 2. Nf3 Nc6 3. Bc4 Bc5 4. O-O Nf6 5. c3 Nxe4 6. d4 d5 7. Bb5 exd4 8. Nxd4 Bxd4 9. Qxd4 O-O 10. Qd1 Be6 11.
Be3 Ne5 12. Nd2 Ng4 13. Bf4 Nxd2 14. Qxd2 c6 15. Bd3 Qd7 16. Rae1 Rfe8 17. f3 Nf6 18.
Be5 Qd8 19. b4 Nd7 20. Bd4 f6 21. Qf4 Bf7 22. h4 Bg6 23. Be2 Ne5 24. g4 Bd3 25.
Rf2 Ng6 26. Qg3 Qd7 27. h5 Nf8 28. Rg2 Bxe2 29. Rgxe2 Rxe2 30. Rxe2 Re8 31. Rxe8 Qxe8 32. Qf4 Qe1+ 33. Kg2 Qe2+ 34. Kg3 h6 35. Qb8 Qe7 36. Bc5 Qe5+ 37. Qxe5 fxe5 38. Bxa7 Kf7 39. Be3 Ne6 40. f4 Kf6 41. f5 Nc7 42. Kf3 Nb5 43. Bd2 Na3 44.
Bc1 Nc4 45. Bd2 b5 46. Be1 Ke7 47. Bh4+ Kf7 48. g5 hxg5 49. Bxg5 Nd6 50. Kg4 Ne4 51. Be3 Nxc3 52. h6 gxh6 53. Bxh6 Nxa2 54. Kg5 Nxb4 55. f6 Nd3 56. Kf5 b4 57. Bg5 b3 58.
Bc1 Nxc1 59. Kxe5 b2 60. Kd6 b1=Q 0-1

[Event "*** Titled Tuesday Blitz"]
[Site "Chess.com"]
[Date "2021.04.27"]
[Round "1"]
[White "Chessmasterzt"]
[Black "HanSchut"]
[Result "1-0"]
[WhiteElo "2609"]
[BlackElo "2282"]
[TimeControl "180+1"]
[EndTime "10:08:09 PDT"]
[Termination "Chessmasterzt won on time"]

1. d4 Nf6 2. c4 g6 3. Nc3 d5 4.
Nf3 Bg7 5. cxd5 Nxd5 6. Bg5 c5 7.
Rc1 Nxc3 8. bxc3 O-O 9. e4 Bg4 10. d5 Qa5 11. Qd2 Bxf3 12. gxf3 e6 13. c4 Qxd2+ 14.
Kxd2 f6 15. Be3 exd5 16. cxd5 b6 17. f4 Rd8 18. Bc4 Nc6 19. Kd3 Na5 20. Bb5 Rac8 21.
Ke2 Rc7 22. h4 Re7 23. f3 Nb7 24. h5 Nd6 25. Bc6 Nf7 26. Rcg1 Kf8 27. hxg6 hxg6 28. Rxg6 Nd6 29. Kf2 Kf7 30. f5 Rg8 31. Rh7 Kf8 32. Rhxg7 Rexg7 33. Bh6 Kf7 34. Bxg7 Rxg7 35. Rh6 Nc4 36.
Bd7 Ke7 37. Be6 Ne5 38. Rh8 c4 39. Rc8 Kd6 40. Ke3 Rc7 41. Rd8+ Kc5 42. d6 Rc6 43. d7 Kb4 44. Rc8 c3 45. d8=Q c2 46.
Rxc6 Nxc6 47. Qd6+ Kb5 48. Kd2 Ne5 49. Bd7+ Ka6 50.
Kxc2 Nc4 51. Bc8+ Ka5 52. Qd5+ b5 53. Kc3 a6 54. Qd8+ Ka4 55. Bd7 Ne5 56. Qa8 1-0

[Event "*** Titled Tuesday Blitz"]
[Site "Chess.com"]
[Date "2021.04.27"]
[Round "1"]
[White "thebulldog1"]
[Black "nrvignesh"]
[Result "0-1"]
[WhiteElo "2413"]
[BlackElo "2785"]
[TimeControl "180+1"]
[EndTime "10:08:11 PDT"]
[Termination "nrvignesh won by resignation"]

1. e4 d6 2. d4 g6 3. Nc3 Bg7 4. Be3 a6 5. Qd2 b5 6. f3 Bb7 7.
h4 h5 8. Nh3 Nd7 9. Ng5 Rc8 10. a4 b4 11. Bc4 e6 12. Ne2 c5 13.
dxc5 dxc5 14. O-O-O Qe7 15. Qxd7+ Qxd7 16. Rxd7 Kxd7 17.
Nxf7 Ke7 18. Nxh8 Bxh8 19. Nf4 Bd4 20. Bxd4 cxd4 21. Bxe6 Rd8 22. Bc4 Kf6 23. Nd3 a5 24. b3 Ne7 25. Nb2 Nc8 26. Bd3 Nd6 27. Nc4 Nxc4 28.
Bxc4 Rf8 29. Kd2 Ke5 30. Ke2 Kf4 31. Kf2 Ke5 32. Bd3 Bc8 33. g3 Be6 34. f4+ Kf6 35.
e5+ Kg7 36. Rd1 Rc8 37. Rd2 Rc3 38. Be4 Bf5 39. Bxf5 gxf5 40. Kg2 Kf7 41. Rxd4 Rxc2+ 42.
Kh3 Rc3 43. Rd5 Rxb3 44. Rxa5 Ra3 45. Rb5 b3 46. a5 Ke6 47. a6 Rxa6 48. Rxb3 Ra2 49.
Rd3 Ra6 50. Kg2 Ra2+ 51. Kf3 Ra6 52. Rd6+ Rxd6 53. exd6 Kxd6 54. Ke2 Kc5 55. Ke3 Kc4 56. g4 fxg4 57. Ke4 Kc5 58. Ke5 Kc6 59. f5 Kd7 60. Kf6 g3 0-1

[Event "*** Titled Tuesday Blitz"]
[Site "Chess.com"]
[Date "2021.04.27"]
[Round "1"]
[White "Coiote53"]
[Black "Forantes"]
[Result "0-1"]
[WhiteElo "2029"]
[BlackElo "2490"]
[TimeControl "180+1"]
[EndTime "10:08:12 PDT"]
[Termination "Forantes won by resignation"]

1. e4 c5 2. Nf3 Nc6 3. d4 cxd4 4.
Nxd4 e5 5. Nb5 d6 6. c4 Be7 7. N5c3 f5 8. exf5 Bxf5 9. Bd3 Be6 10. Nd5 Nf6 11. Nbc3 O-O 12. O-O Qd7 13. Be3 Ng4 14.
Be4 Nxe3 15. fxe3 Rxf1+ 16. Qxf1 Rf8 17. Qd3 g6 18. Rd1 Bg5 19. h3 Kg7 20. b4 Qf7 21. Bf3 Bxh3 22. Ne4 Bh6 23. Ndf6 Bf5 24. Qxd6 Rd8 25.
Qc5 Rxd1+ 26. Bxd1 Bg5 27. Nxg5 Qxf6 28. Nf3 b6 29. Qd5 Nxb4 30. Qb7+ Qf7 31. Qxf7+ Kxf7 32. Nxe5+ Ke6 33. Nf3 Nxa2 34. c5 Nc3 35. Bb3+ Kd7 36. cxb6 axb6 37. g4 Be4 38. Ng5 Bd5 39. Bc2 Bg8 40.
Kf2 b5 41. Ke1 b4 42. Kd2 Nd5 43. Bb3 h6 44. Nf3 Be6 45. Ne5+ Kd6 46. Nxg6 Bxg4 47. Kd3 Bf5+ 48. Kd4 Bxg6 49. Bxd5 Bf5 50. e4 Be6 51. e5+ Ke7 52. Be4 b3 53. Kc3 h5 54. Bc6 h4 55.
Bg2 Kf7 56. Be4 Kg7 57. Kb2 Kh6 58. Kc3 Kg5 59. Kd4 Kf4 60. Bb1 h3 61. Kc5 h2 62.
Kd6 h1=Q 63. Kxe6 Qxb1 0-1

[Event "*** Titled Tuesday Blitz"]
[Site "Chess.com"]
[Date "2021.04.27"]
[Round "1"]
[White "Zipa5"]
[Black "Lion-Al-Messi"]
[Result "1/2-1/2"]
[WhiteElo "1853"]
[BlackElo "2472"]
[TimeControl "180+1"]
[EndTime "10:08:12 PDT"]
[Termination "Game drawn by repetition"]

1. Nf3 d5 2. c4 c6 3. e3 Nf6 4.
b3 Nbd7 5. Bb2 e6 6. Be2 Bd6 7. O-O O-O 8. d4 Ne4 9. Nc3 f5 10.
Ne1 b6 11. g3 Bb7 12. f3 Nxc3 13. Bxc3 c5 14. Nc2 Nf6 15. Qd2 Qc7 16. Kg2 Rae8 17. Rac1 Nh5 18. Qe1 g6 19. f4 Nf6 20. Bf3 Ne4 21.
Bb2 Qe7 22. Qe2 Ba6 23. Ne1 g5 24. Qd3 g4 25. Bxe4 dxe4 26. Qc2 h5 27. Rh1 h4 28. Qc3 Qg7 29. dxc5 Qxc3 30. Bxc3 Bxc5 31. Bd4 Rd8 32. Nc2 Rf7 33. Rhd1 Rfd7 34. Rd2 h3+ 35. Kf2 b5 36. cxb5 Bxb5 37. Rcd1 Bb6 38. Bc3 Bd3 39.
Nd4 Rxd4 40. exd4 Rxd4 41. Bxd4 Bxd4+ 42. Ke1 Bc3 43. Kf2 Bd4+ 44. Ke1 Bc3 45. Kf2 Bxd2 46. Rxd2 Kf7 47. Ke3 Ke7 48. Kd4 Kd6 49. Rd1 Be2 50. Rc1 Bb5 51. Rc8 a6 52. Ra8 Bf1 53. Ra7 Kc6 54. Re7 Kd6 55. Ra7 Kc6 56.
Re7 Kd6 57. Ra7 1/2-1/2

[Event "*** Titled Tuesday Blitz"]
[Site "Chess.com"]
[Date "2021.04.27"]
[Round "1"]
[White "Homino"]
[Black "klimkoj"]
[Result "1-0"]
[WhiteElo "2318"]
[BlackElo "2607"]
[TimeControl "180+1"]
[EndTime "10:08:13 PDT"]
[Termination "Homino won by checkmate"]

1. e4 Nc6 2. Nf3 e6 3. d4 d5 4. exd5 exd5 5. h3 Bd6 6. Bd3 Nge7 7. O-O h6 8. c3 O-O 9. Bc2 Bf5 10.
Re1 Bxc2 11. Qxc2 Qd7 12. Ne5 Bxe5 13. dxe5 Qf5 14. Qxf5 Nxf5 15. Nd2 g5 16. Nb3 Rfe8 17. f4 gxf4 18. Bxf4 Kh7 19. Rad1 Rad8 20. g4 Nh4 21. Kf2 Ng6 22. Kg3 Ngxe5 23. Nd4 f6 24. Nb5 Re7 25.
Re2 Rde8 26. Rxd5 a6 27. Nd4 Nxd4 28. cxd4 Nc6 29. Rxe7+ Rxe7 30. Rf5 Kg7 31. Rd5 Kg6 32.
h4 Kg7 33. h5 Rf7 34. Kf3 Re7 35. a3 Rf7 36. Kg3 Re7 37. b4 Na7 38. Rc5 Nb5 39.
d5 Rd7 40. a4 Nd6 41. Bxd6 cxd6 42. Rc8 Re7 43. Kf4 Re5 44. Rc7+ Kg8 45. Rxb7 Rxd5 46. b5 axb5 47. axb5 Rc5 48. b6 Rb5 49. Ke4 d5+ 50. Kd4 Kh8 51. Rb8+ Kg7 52. Rb7+ Kh8 53. Ke3 Rb4 54.
Kd3 d4 55. Rb8+ Kg7 56. Rb7+ Kg8 57. Ke4 Kf8 58. Kf5 d3 59. Kxf6 Ke8 60. Ke6 d2 61. Rb8# 1-0

[Event "*** Titled Tuesday Blitz"]
[Site "Chess.com"]
[Date "2021.04.27"]
[Round "1"]
[White "salomez"]
[Black "biostatistician"]
[Result "0-1"]
[WhiteElo "2114"]
[BlackElo "2510"]
[TimeControl "180+1"]
[EndTime "10:08:13 PDT"]
[Termination "biostatistician won on time"]

1. e4 e6 2. g3 d5 3. exd5 exd5 4. Bg2 Nf6 5. Ne2 Be7 6. O-O O-O 7. d4 Bg4 8. h3 Bxe2 9. Qxe2 Re8 10. Qd3 Nbd7 11.
Bf4 Nf8 12. Nd2 Ng6 13. Be5 c6 14. f4 c5 15. Rae1 Bf8 16. Bxf6 Qxf6 17. Bxd5 Rxe1 18. Rxe1 Rd8 19. c4 cxd4 20. Bxb7 Qb6 21. Qb3 Qc7 22. Bd5 Ne7 23. Ne4 Nxd5 24. cxd5 Qd7 25. Kf2 Qxd5 26. Qxd5 Rxd5 27. Ke2 f5 28. Nf2 h6 29. Kd3 g5 30. Re5 Rxe5 31. fxe5 Bc5 32. g4 fxg4 33. hxg4 Kf7 34. Ne4 Bb6 35. Nd6+ Ke6 36. Nf5 Kxe5 37. Nxh6 Kf4 38. b4 a5 39. bxa5 Bxa5 40. Kxd4 Bb4 41. Kd3 Bf8 42. Nf5 Kxg4 43. Ne3+ Kf3 44. a4 Bb4 45.
Kc4 Ba5 46. Kd3 Bb6 47. Nf5 g4 48. Nh4+ Kf4 49. Ke2 Bd8 50. Ng2+ Kg3 51. Kf1 Kf3 0-1

[Event "*** Titled Tuesday Blitz"]
[Site "Chess.com"]
[Date "2021.04.27"]
[Round "1"]
[White "exoticprincess"]
[Black "Keks2017"]
[Result "1-0"]
[WhiteElo "2923"]
[BlackElo "2455"]
[TimeControl "180+1"]
[EndTime "10:08:14 PDT"]
[Termination "exoticprincess won by checkmate"]

1. d4 d6 2. e4 Nf6 3. Nc3 g6 4.
Be2 c6 5. h4 b5 6. a3 a6 7. h5 Bg7 8. h6 Bf8 9. Bg5 Nbd7 10. f4 Nb6 11. Nf3 Qc7 12. Qd2 Bb7 13.
O-O-O O-O-O 14. Kb1 Kb8 15. Qe3 Rc8 16. Nd2 c5 17. dxc5 Qxc5 18. Qxc5 Rxc5 19. Bxf6 exf6 20.
Nb3 Rc7 21. Bf3 Nc4 22. Rd3 Be7 23. Nd2 Nb6 24. Re1 Re8 25. Nd5 Bxd5 26. exd5 f5 27.
Nb3 Kc8 28. Nd4 Kd7 29. Nc6 Bf8 30. Rxe8 Kxe8 31. Re3+ Kd7 32. Nb8+ Kd8 33. Nxa6 Rc4 34. g3 Bxh6 35. Nb4 Bf8 36. c3 Rc5 37. Kc2 Kd7 38.
Re1 h5 39. Kb3 Nc4 40. Be2 Nd2+ 41. Kc2 Ne4 42. Rg1 Bg7 43. Bd3 Nf6 44. Rd1 Ng4 45. Re1 Nf6 46. Rd1 Ng4 47. Kb3 Nf6 48. Bf1 Bh6 49. Na6 Rc8 50. Bxb5+ Kd8 51. Nb4 h4 52. Rh1 Ne4 53. Rxh4 Bg7 54. Rh7 Bf6 55. Rxf7 Rc5 56. a4 g5 57. fxg5 Bxg5 58. Rxf5 Bc1 59. Nc6+ Kc7 60. Kb4 Bd2 61. Rf7+ Kc8 62. Ba6# 1-0

[Event "*** Titled Tuesday Blitz"]
[Site "Chess.com"]
[Date "2021.04.27"]
[Round "1"]
[White "Rodalquilar"]
[Black "KubaGepard"]
[Result "1-0"]
[WhiteElo "2756"]
[BlackElo "2408"]
[TimeControl "180+1"]
[EndTime "10:08:17 PDT"]
[Termination "Rodalquilar won by resignation"]

1. d4 d5 2. Bf4 Nf6 3. e3 c5 4. Nf3 e6 5. Nbd2 Bd6 6. Bb5+ Nc6 7. Bg3 O-O 8. c3 Qe7 9. Bxc6 bxc6 10. Qa4 Bd7 11.
Qa3 Bxg3 12. hxg3 Rfb8 13. Ne5 Be8 14. Nd3 Nd7 15. Nb3 f6 16. Nbxc5 Nxc5 17. Nxc5 Rb5 18. b3 a5 19. Qc1 Bg6 20. Qd1 e5 21. Qg4 Rab8 22.
Qe6+ Qxe6 23. Nxe6 a4 24. b4 Bd3 25. Kd2 Bc4 26. a3 g6 27. Nc5 Ra8 28. Nd7 exd4 29. exd4 h5 30. Nxf6+ Kg7 31. Nd7 Rb7 32. Ne5 Re7 33.
Rae1 Rae8 34. Re3 Re6 35. Rhe1 Kf6 36. Nxc6 Rxe3 37. Rxe3 Rxe3 38. Kxe3 g5 39. Ne5 Bf1 40. Nd3 Bxg2 41. b5 Ke7 42. Nc5 Kd6 43. Nxa4 Bf1 44. b6 Kc6 45. Nc5 Kxb6 46. Ne6 h4 47. Nxg5 h3 48. Nf3 Bg2 49. Nh2 Be4 50. f3 Bc2 51. g4 Kc6 52. f4 Kd6 53. f5 Ke7 54. Kf4 Kf6 55. g5+ Kf7 56. Ke5 Be4 57. a4 Bd3 58. a5 Kg7 59. Nf3 Be4 60. f6+ Kf7 61. Nh2 Bd3 62.
Kxd5 Kg6 63. Ke5 Bc4 64. d5 Bb5 65. d6 Be8 66. a6 Kxg5 67. a7 Bc6 68. f7 1-0